TOP OF THE 1ST |
Hartford Darth Whalers batting - Pitching for Monroe Mallards : RHP Mauro Ortíz
|
Pitching: RHP Mauro Ortíz
|
|
Batting: RHB Vincent Lowe
|
0-0: Ball 1-0: Ball 2-0: Foul Ball, location: 2F 2-1: Swinging Strike 2-2: Strikes out swinging
|
Batting: SHB Will O'Clerkin
|
0-0: Ball 1-0: Ball 2-0: Ball 3-0: Base on Balls
|
Batting: RHB Ryan Thrippleton
|
0-0: Called Strike 0-1: Ball 1-1: Ball 2-1: Swinging Strike 2-2: Ball 3-2: Fly out, F9 (Flyball, 89D)
|
Batting: LHB Edgar Cameron
|
0-0: Called Strike 0-1: Foul Ball, location: 2F 0-2: Ball 1-2: SINGLE (Groundball, 5D) Will O'Clerkin to second Runner from 2nd tries for 3rd, SAFE, no throw
|
Batting: RHB Gilbert Nava
|
0-0: TRIPLE (Line Drive, 7D) Will O'Clerkin scores Edgar Cameron scores
|
Batting: LHB César Martínez
|
0-0: Ball 1-0: Foul Ball, location: 2F 1-1: Swinging Strike 1-2: Strikes out swinging
|
Top of the 1st over - 2 runs, 2 hits, 0 errors, 1 left on base; Hartford 2 - Monroe 0 |
BOTTOM OF THE 1ST |
Monroe Mallards batting - Pitching for Hartford Darth Whalers : LHP Michael Young
|
Pitching: LHP Michael Young
|
|
Batting: RHB Anselmo Espinoza
|
0-0: Ball 1-0: Ball 2-0: Ball 3-0: Foul Ball, location: 2F 3-1: Foul Ball, location: 2F 3-2: Strikes out swinging
|
Batting: SHB Jerry Vaughn
|
0-0: Ball 1-0: Called Strike 1-1: SINGLE (Line Drive, 56D)
|
Batting: RHB Shannon Watson
|
0-0: Swinging Strike 0-1: Ball 1-1: Grounds into double play, 5-4-3 (Groundball, 5)
|
Bottom of the 1st over - 0 runs, 1 hit, 0 errors, 0 left on base; Hartford 2 - Monroe 0 |
TOP OF THE 2ND |
Hartford Darth Whalers batting - Pitching for Monroe Mallards : RHP Mauro Ortíz
|
Batting: LHB Todd Gilliam
|
0-0: Called Strike 0-1: Ball 1-1: Ball 2-1: Foul Ball, location: 2F 2-2: Ball 3-2: DOUBLE (Line Drive, 89D)
|
Batting: RHB Fernando Núńez
|
0-0: Called Strike 0-1: Called Strike 0-2: Ball 1-2: Ground out 5-3 (Groundball, 56S) Todd Gilliam to third
|
Batting: RHB Jeff Allen
|
0-0: Called Strike 0-1: Ball 1-1: Fly out, F8 (Flyball, 8RM)
|
Batting: RHB Vincent Lowe
|
0-0: Ball 1-0: Ball 2-0: Ball 3-0: Called Strike 3-1: Called Strike 3-2: Fly out, F8 (Flyball, 8LD)
|
Top of the 2nd over - 0 runs, 1 hit, 0 errors, 1 left on base; Hartford 2 - Monroe 0 |
BOTTOM OF THE 2ND |
Monroe Mallards batting - Pitching for Hartford Darth Whalers : LHP Michael Young
|
Batting: RHB Rafael Rivera
|
0-0: Ball 1-0: Called Strike 1-1: Called Strike 1-2: Fly out, F9 (Flyball, 89D)
|
Batting: RHB David Leslie
|
0-0: Swinging Strike 0-1: Swinging Strike 0-2: Foul Ball, location: 2F 0-2: Ball 1-2: Strikes out swinging
|
Batting: RHB Anthony O'Bryan
|
0-0: Ball 1-0: Called Strike 1-1: Ball 2-1: Foul Ball, location: 2F 2-2: Ball 3-2: Strikes out looking
|
Bottom of the 2nd over - 0 runs, 0 hits, 0 errors, 0 left on base; Hartford 2 - Monroe 0 |
TOP OF THE 3RD |
Hartford Darth Whalers batting - Pitching for Monroe Mallards : RHP Mauro Ortíz
|
Batting: SHB Will O'Clerkin
|
0-0: Ball 1-0: Called Strike 1-1: Foul Ball, location: 2F 1-2: Ball 2-2: Foul Ball, location: 2F 2-2: Fly out, F9 (Flyball, 9LM)
|
Batting: RHB Ryan Thrippleton
|
0-0: Ball 1-0: Ball 2-0: Called Strike 2-1: Swinging Strike 2-2: Strikes out swinging
|
Batting: LHB Edgar Cameron
|
0-0: Ball 1-0: Ball 2-0: Foul Ball, location: 2F 2-1: SINGLE (Groundball, 5D)
|
Batting: RHB Gilbert Nava
|
0-0: Called Strike 0-1: Called Strike 0-2: Strikes out swinging
|
Top of the 3rd over - 0 runs, 1 hit, 0 errors, 1 left on base; Hartford 2 - Monroe 0 |
BOTTOM OF THE 3RD |
Monroe Mallards batting - Pitching for Hartford Darth Whalers : LHP Michael Young
|
Batting: RHB Jorge Vázquez
|
0-0: Ball 1-0: Reached on error, E6 (Groundball, 6)
|
Batting: RHB Benito Bo
|
0-0: Ball 1-0: Foul Ball, location: 2F 1-1: Foul Ball, location: 2F 1-2: Fly out, F9 (Flyball, 9LS)
|
Batting: RHB Simon Plante
|
0-0: Ball 1-0: Ball 2-0: SINGLE (Flyball, 7S) Jorge Vázquez to second
|
Batting: RHB Anselmo Espinoza
|
0-0: Swinging Strike 0-1: Ball 1-1: Ball 2-1: DOUBLE (Flyball, 78D) Jorge Vázquez scores Simon Plante to third
|
Batting: SHB Jerry Vaughn
|
0-0: Hit by Pitch
|
Batting: RHB Shannon Watson
|
0-0: Ball 1-0: Ball 2-0: Ball 3-0: Called Strike 3-1: Foul Ball, location: 2F 3-2: Strikes out swinging
|
Batting: RHB Rafael Rivera
|
0-0: Called Strike 0-1: Called Strike 0-2: Ball 1-2: GRAND SLAM HOME RUN (Flyball, 7LD), Distance : 358 ft
|
Batting: RHB David Leslie
|
0-0: Ball 1-0: Called Strike 1-1: Ball 2-1: Ball 3-1: Fly out, F7 (Flyball, 78XD)
|
Bottom of the 3rd over - 5 runs, 3 hits, 1 error, 0 left on base; Hartford 2 - Monroe 5 |
TOP OF THE 4TH |
Hartford Darth Whalers batting - Pitching for Monroe Mallards : RHP Mauro Ortíz
|
Batting: LHB César Martínez
|
0-0: Ball 1-0: Foul Ball, location: 2F 1-1: Ball 2-1: Ground out 4-3 (Groundball, 4)
|
Batting: LHB Todd Gilliam
|
0-0: Called Strike 0-1: Ball 1-1: Foul Ball, location: 2F 1-2: SINGLE (Flyball, 9LS)
|
Batting: RHB Fernando Núńez
|
0-0: Ball 1-0: Ball 2-0: Called Strike 2-1: Ball 3-1: Foul Ball, location: 2F 3-2: Strikes out swinging
|
Batting: RHB Jeff Allen
|
0-0: Ball 1-0: Ball 2-0: Ball 3-0: Called Strike 3-1: Foul Ball, location: 2F 3-2: Foul Ball, location: 2F 3-2: Foul Ball, location: 2F 3-2: Foul Ball, location: 2F 3-2: Base on Balls Todd Gilliam to second
|
Batting: RHB Vincent Lowe
|
0-0: Swinging Strike 0-1: Ball 1-1: Ball 2-1: Swinging Strike 2-2: Ground out 6-3 (Groundball, 6S)
|
Top of the 4th over - 0 runs, 1 hit, 0 errors, 2 left on base; Hartford 2 - Monroe 5 |
BOTTOM OF THE 4TH |
Monroe Mallards batting - Pitching for Hartford Darth Whalers : LHP Michael Young
|
Batting: RHB Anthony O'Bryan
|
0-0: Called Strike 0-1: Ball 1-1: Called Strike 1-2: SINGLE (Line Drive, 78M)
|
Batting: RHB Jorge Vázquez
|
0-0: Fielders Choice at 2nd, 6-4 (Groundball, 6)
|
Batting: RHB Benito Bo
|
0-0: Ball 1-0: Ball 2-0: Called Strike 2-1: Ground out 5-3 (Groundball, 5S) Jorge Vázquez to second
|
Batting: RHB Simon Plante
|
0-0: Ball 1-0: Foul Ball, location: 2F 1-1: Swinging Strike 1-2: Ball 2-2: Fly out, F4 (Line Drive, 4M)
|
Bottom of the 4th over - 0 runs, 1 hit, 0 errors, 1 left on base; Hartford 2 - Monroe 5 |
TOP OF THE 5TH |
Hartford Darth Whalers batting - Pitching for Monroe Mallards : RHP Mauro Ortíz
|
Pitching: RHP Jorge Robolledo
|
|
Batting: SHB Will O'Clerkin
|
0-0: Foul Ball, location: 2F 0-1: Ball 1-1: Foul Ball, location: 2F 1-2: Ground out 6-3 (Groundball, 6)
|
Batting: RHB Ryan Thrippleton
|
0-0: Called Strike 0-1: Called Strike 0-2: Ball 1-2: SINGLE (Flyball, 9LM)
|
Batting: LHB Edgar Cameron
|
0-0: Ball 1-0: Foul Ball, location: 2F 1-1: Ball 2-1: Fly out, F8 (Flyball, 89D)
|
Batting: RHB Gilbert Nava
|
0-0: Called Strike 0-1: SINGLE (Groundball, 56D) Ryan Thrippleton to second Runner from 2nd tries for 3rd, SAFE, no throw
|
Batting: LHB César Martínez
|
0-0: Ball 1-0: Foul Ball, location: 2F 1-1: SINGLE (Line Drive, 89S) Ryan Thrippleton scores Gilbert Nava to second Runner from 2nd tries for 3rd, SAFE, throw made to third
|
Batting: LHB Todd Gilliam
|
0-0: Ball 1-0: Foul Ball, location: 2F 1-1: Ball 2-1: SINGLE (Line Drive, 8LS) Gilbert Nava scores César Martínez to second
|
Batting: RHB Fernando Núńez
|
0-0: Called Strike 0-1: Foul Ball, location: 2F 0-2: Ball 1-2: Ball 2-2: Strikes out swinging
|
Top of the 5th over - 2 runs, 4 hits, 0 errors, 2 left on base; Hartford 4 - Monroe 5 |
BOTTOM OF THE 5TH |
Monroe Mallards batting - Pitching for Hartford Darth Whalers : LHP Michael Young
|
Batting: RHB Anselmo Espinoza
|
0-0: Ground out U3 (Groundball, 2R)
|
Batting: SHB Jerry Vaughn
|
0-0: Called Strike 0-1: Ground out 1-3 (Groundball, 13S)
|
Batting: RHB Shannon Watson
|
0-0: Called Strike 0-1: SINGLE (Flyball, 8RS)
|
Batting: RHB Rafael Rivera
|
0-0: Called Strike 0-1: Ball 1-1: Ball 2-1: Swinging Strike 2-2: Foul Ball, location: 2F 2-2: Ball 3-2: Base on Balls Shannon Watson to second
|
Batting: RHB David Leslie
|
0-0: Ball 1-0: Foul Ball, location: 2F 1-1: Called Strike 1-2: Ball 2-2: SINGLE (Groundball, 56D) Shannon Watson to third Rafael Rivera to second
|
Batting: RHB Anthony O'Bryan
|
0-0: Foul Ball, location: 2F 0-1: Fly out, F3 (Popup, 3SF)
|
Bottom of the 5th over - 0 runs, 2 hits, 0 errors, 3 left on base; Hartford 4 - Monroe 5 |
TOP OF THE 6TH |
Hartford Darth Whalers batting - Pitching for Monroe Mallards : RHP Jorge Robolledo
|
Pitching: RHP Carlos Molina
|
|
Batting: RHB Jeff Allen
|
0-0: Called Strike 0-1: Foul Ball, location: 2F 0-2: Foul Ball, location: 2F 0-2: Fly out, F8 (Flyball, 89D)
|
Batting: RHB Vincent Lowe
|
0-0: Called Strike 0-1: Swinging Strike 0-2: Foul Ball, location: 2F 0-2: Ball 1-2: Strikes out looking
|
Batting: SHB Will O'Clerkin
|
0-0: Called Strike 0-1: Ball 1-1: Ball 2-1: Ball 3-1: Base on Balls
|
Batting: RHB Ryan Thrippleton
|
0-0: Swinging Strike 0-1: Ball 1-1: Called Strike 1-2: Ball 2-2: Fielders Choice at 2nd, 6-4 (Groundball, 56)
|
Top of the 6th over - 0 runs, 0 hits, 0 errors, 1 left on base; Hartford 4 - Monroe 5 |
BOTTOM OF THE 6TH |
Monroe Mallards batting - Pitching for Hartford Darth Whalers : LHP Michael Young
|
Batting: RHB Jorge Vázquez
|
0-0: Ball 1-0: SINGLE (Groundball, 56D)
|
Batting: RHB Benito Bo
|
0-0: Ball 1-0: Ground out 5-3 (Groundball, 56S) Jorge Vázquez to second
|
Batting: RHB Simon Plante
|
0-0: Foul Ball, location: 2F 0-1: Ground out 5-3 (Groundball, 5S) Jorge Vázquez to third
|
Batting: RHB Anselmo Espinoza
|
0-0: Ball 1-0: Ground out 6-3 (Groundball, 6)
|
Bottom of the 6th over - 0 runs, 1 hit, 0 errors, 1 left on base; Hartford 4 - Monroe 5 |
TOP OF THE 7TH |
Hartford Darth Whalers batting - Pitching for Monroe Mallards : RHP Carlos Molina
|
Pitching: RHP Dan Cook
|
|
Batting: LHB Edgar Cameron
|
0-0: Called Strike 0-1: Fly out, F8 (Flyball, 78M)
|
Batting: RHB Gilbert Nava
|
0-0: Called Strike 0-1: Swinging Strike 0-2: Strikes out swinging
|
Batting: LHB César Martínez
|
0-0: Called Strike 0-1: Foul Ball, location: 2F 0-2: Ball 1-2: Foul Ball, location: 2F 1-2: Fly out, F7 (Flyball, 7)
|
Top of the 7th over - 0 runs, 0 hits, 0 errors, 0 left on base; Hartford 4 - Monroe 5 |
BOTTOM OF THE 7TH |
Monroe Mallards batting - Pitching for Hartford Darth Whalers : LHP Michael Young
|
Batting: SHB Jerry Vaughn
|
0-0: Ball 1-0: Ground out 6-3 (Groundball, 6)
|
Batting: RHB Shannon Watson
|
0-0: Ball 1-0: Ball 2-0: Foul Ball, location: 2F 2-1: Ground out 1-3 (Groundball, P)
|
Batting: RHB Rafael Rivera
|
0-0: Foul Ball, location: 2F 0-1: Foul Ball, location: 2F 0-2: Ball 1-2: Ground out 6-3 (Groundball, 6D)
|
Bottom of the 7th over - 0 runs, 0 hits, 0 errors, 0 left on base; Hartford 4 - Monroe 5 |
TOP OF THE 8TH |
Hartford Darth Whalers batting - Pitching for Monroe Mallards : RHP Dan Cook
|
Batting: LHB Todd Gilliam
|
0-0: Foul Ball, location: 2F 0-1: SINGLE (Line Drive, 4MD)
|
Pitching: RHP De-wei Er
|
|
Batting: RHB Fernando Núńez
|
0-0: Grounds into double play, 6-4-3 (Groundball, 6M)
|
Batting: RHB Jeff Allen
|
0-0: Ball 1-0: Fly out, F8 (Flyball, 8LD)
|
Top of the 8th over - 0 runs, 1 hit, 0 errors, 0 left on base; Hartford 4 - Monroe 5 |
BOTTOM OF THE 8TH |
Monroe Mallards batting - Pitching for Hartford Darth Whalers : LHP Michael Young
|
Pitching: RHP Marcos Lozano
|
|
Batting: RHB David Leslie
|
0-0: Ball 1-0: Called Strike 1-1: Ball 2-1: Ground out 4-3 (Groundball, 34)
|
Batting: RHB Anthony O'Bryan
|
0-0: Called Strike 0-1: Ball 1-1: Ball 2-1: Called Strike 2-2: Foul Ball, location: 2F 2-2: Ball 3-2: Foul Ball, location: 2F 3-2: Ground out 6-3 (Groundball, 56)
|
Batting: RHB Jorge Vázquez
|
0-0: Ball 1-0: Ball 2-0: Foul Ball, location: 2F 2-1: Fly out, F8 (Flyball, 8LS)
|
Bottom of the 8th over - 0 runs, 0 hits, 0 errors, 0 left on base; Hartford 4 - Monroe 5 |
TOP OF THE 9TH |
Hartford Darth Whalers batting - Pitching for Monroe Mallards : RHP Donnie Davenport
|
Pitching: RHP Donnie Davenport
|
|
Pinch Hitting: LHB Alejandro Gómez
|
0-0: Ball 1-0: Ball 2-0: Ball 3-0: Base on Balls
|
Batting: SHB Will O'Clerkin
|
0-0: Sac Bunt - play at first, batter OUT! 2-4 Alejandro Gómez to second
|
Pinch Hitting: LHB Timothy Pierce
|
0-0: Ball 1-0: Ball 2-0: Ball 3-0: Base on Balls
|
Batting: LHB Edgar Cameron
|
0-0: Foul Ball, location: 2F 0-1: Ball 1-1: Swinging Strike 1-2: Ball 2-2: Foul Ball, location: 2F 2-2: SINGLE (Flyball, 9LS) Alejandro Gómez to third Timothy Pierce to second Runner from 3rd tries for Home, SAFE, no throw
|
Batting: RHB Gilbert Nava
|
0-0: Fly out, F3 (Popup, 3SF)
|
Batting: LHB César Martínez
|
0-0: Ball 1-0: Ball 2-0: Ball 3-0: Base on Balls Timothy Pierce to third Edgar Cameron to second
|
Batting: LHB Todd Gilliam
|
0-0: Called Strike 0-1: Ball 1-1: Swinging Strike 1-2: Ball 2-2: Ball 3-2: Foul Ball, location: 2F 3-2: Fly out, F5 (Popup, 25)
|
Top of the 9th over - 1 run, 1 hit, 0 errors, 3 left on base; Hartford 5 - Monroe 5 |
BOTTOM OF THE 9TH |
Monroe Mallards batting - Pitching for Hartford Darth Whalers : RHP Marcos Lozano
|
Now at 2B: Jorge Morán
|
|
Now in LF: Reginald Stokes
|
|
Batting: RHB Benito Bo
|
0-0: Swinging Strike 0-1: SOLO HOME RUN (Flyball, 9D), Distance : 372 ft
|
Saturday, April 7th, 2018 - OOTP Baseball 18.8 Build 76
|
|